 Dungeon Crawl Stone Soup version 0.16-a0-286-g6bac339 (webtiles) character file.

512 Kashira the Ducker (level 6, 0/26 HPs)
             Began as a Felid Transmuter on Aug 28, 2014.
             Was a Follower of Yredelemnul.
             Slain by an ice beast (24 damage)
             ... on Level 5 of the Dungeon.
             The game lasted 00:45:49 (4447 turns).

Kashira the Ducker (Felid Transmuter)               Turns: 4447, Time: 00:45:50

HP   0/26        AC  6     Str  6      XL: 6   Next: 99%
MP  14/17        EV 27     Int 14      God: Yredelemnul [*.....]
Gold 225         SH  0     Dex 24      Spells:  3 memorised,  5 levels left
Lives: 0, deaths: 1

rFire  + . .     SeeInvis +       - Unarmed
rCold  x . .     Clarity  .     (armour unavailable)
rNeg   . . .     rCorr    .     (shield unavailable)
rPois  x         rRot     .     (helmet unavailable)
rElec  .         Spirit   .     (cloak unavailable)
SustAb .         Warding  .     (gloves unavailable)
rMut   .         Stasis   .     (boots unavailable)
Gourm  .                        (no amulet)
MR     .....                    x - ring of Throipnao {Fire Stlth+}
                                j - +4 ring of protection

@: spider-form, not resistant to hostile enchantments, stealthy
A: paw claws, no armour, no weapons or thrown items, (fangs 0), see invisible,
carnivore 3, (speed 0), (shaggy fur 0), slow metabolism 1, jump 2
a: Jump Attack, End Transformation, Animate Remains, Renounce Religion


You were on level 5 of the Dungeon.
You worshipped Yredelemnul.
Yredelemnul was aware of your devotion.
You were near starving.
You were in spider-form.
You visited 1 branch of the dungeon, and saw 5 of its levels.

You collected 225 gold pieces.

Inventory:

Hand weapons
 g - a +0 spear
 m - a +0 quarterstaff
Missiles
 b - 45 arrows
 o - 3 arrows of flame
Comestibles
 a - 2 meat rations
 B - a slice of pizza
 C - 3 rotting chunks of gnoll flesh
Scrolls
 c - 3 scrolls of remove curse
 i - a scroll of fog {unknown}
 p - a scroll of identify
 r - a scroll of immolation {unknown}
 t - a scroll of noise {unknown}
 v - a scroll of random uselessness {unknown}
 w - a scroll of amnesia {unknown}
 y - 2 scrolls of fear {unknown}
 A - a scroll of blinking {unknown}
Jewellery
 j - a +4 ring of protection (left front leg)
 q - an uncursed ring of protection from magic
 s - an uncursed ring of stealth
 x - the ring of Throipnao (right front leg) {Fire Stlth+}
   (You found it on level 4 of the Dungeon)

   [ring of fire]

   It enhances your fire magic, and weakens your ice magic.
   It protects you from fire.
   It makes you vulnerable to cold.
   It makes you more stealthy.
Potions
 e - 4 potions of curing
 f - 2 potions of invisibility {unknown}
 h - 2 potions of magic {unknown}
 k - 3 potions of agility {unknown}
 l - a potion of brilliance {unknown}
 u - a potion of lignification {unknown}
 z - a potion of heal wounds {unknown}
Books
 d - a book of Changes

   Spells                             Type                      Level
   *Beastly Appendage                 Transmutation                1
   *Sticks to Snakes                  Transmutation                2
   *Spider Form                       Transmutation/Poison         3
   Ice Form                           Ice/Transmutation            4
   Blade Hands                        Transmutation                5


   Skills:
 + Level 2.0 Fighting
 + Level 5.7 Dodging
 + Level 2.6 Stealth
 + Level 4.4 Unarmed Combat
 + Level 3.3 Spellcasting
 + Level 3.7 Transmutations
 + Level 1.1 Poison Magic
 + Level 1.3 Invocations


You had 5 spell levels left.
You knew the following spells:

 Your Spells              Type           Power        Failure   Level  Hunger
a - Beastly Appendage     Trmt           ##....       14%         1    #......
b - Sticks to Snakes      Trmt           ##........   24%         2    ##.....
c - Spider Form           Trmt/Pois      #.........   45%         3    ###....


Dungeon Overview and Level Annotations

Branches:
Dungeon (5/15)             Temple (0/1) D:5

Altars:
Kikubaaqudgha
Yredelemnul

Annotations:
D:4 Sigmund
D:5 Menkaure


Innate Abilities, Weirdness & Mutations

You cannot wear armour.
You are incapable of wielding weapons or throwing items.
((Your paws have sharp claws.))
((You have razor-sharp teeth.))
You have supernaturally acute eyesight.
You are carnivorous and can eat meat at any time.
((You cover ground quickly.))
((You are covered in thick fur (AC +2).))
You have a slow metabolism.
You can jump attack at a medium distance.


Message History

w - Wait here. f - Follow me.
Anything else - Stay silent.
Gang up on whom?
Press: ? - help, Dir - move target cursor, f - ice beast
Aim: an ice beast (hasn't noticed you) Attack!
Casting: Spider Form
Confirm with . or Enter, or press ? or * to list all spells.
Your paws feel slithery!
Unknown command.
Casting: Sticks to Snakes
Confirm with . or Enter, or press ? or * to list all spells.
You turn into a venomous arachnid creature.
The ice beast hits you but does no damage.
You hit the ice beast.
The ice beast is lightly wounded.
The ice beast hits you. The ice beast freezes you!!
You feel a terrible chill!
Ouch! That really hurt!
You die...
Your body rises from the dead as a mindless zombie.

#########(# .#.......[#
........#.# ..........#
#######..Z# #...# #...#
#...############
#........ZsY...#
##..##########.#.#
##...## ###.###.###### #
#.....# #..## #.....#
######...#######.#.###.#
#.#
.#...............##.#.#
#.#
......[..###########.#
#.# .#.####.## #.# #.#
...# #.# #.# #.#


You could see an ice beast and a friendly ogre zombie.

Vanquished Creatures
  2 ogres (D:5)
  3 crimson imps (D:5)
  2 hounds (D:4)
  A centaur skeleton (D:5)
  3 worker ants
  7 gnolls
  A giant mite (D:3)
  An ooze (D:1)
  4 orcs
  3 ball pythons
  2 giant cockroaches
  8 hobgoblins
  3 jackals (D:3)
  3 quokkas
  11 bats
  A giant gecko (D:3)
  8 giant newts
  9 goblins
  9 kobolds
  A kobold skeleton (D:5)
  2 quokka skeletons (D:4)
  8 rats
92 creatures vanquished.

Vanquished Creatures (collateral kills)
  An adder (D:2)
  An orc (D:4)
  A giant cockroach (D:4)
  A goblin (D:2)
4 creatures vanquished.

Vanquished Creatures (others)
  A hound zombie (D:4)
  A goblin zombie (D:5)
  A hobgoblin zombie (D:4)
  A quokka zombie (D:4)
  2 rat zombies
6 creatures vanquished.

Grand Total: 102 creatures vanquished

Notes
Turn   | Place    | Note
--------------------------------------------------------------
     0 | D:1      | Kashira, the Felid Transmuter, began the quest for the Orb.
     0 | D:1      | Reached XP level 1. HP: 9/9 MP: 4/4
   532 | D:1      | Reached XP level 2. HP: 12/12 MP: 3/5
   892 | D:1      | Learned a level 2 spell: Sticks to Snakes
  1438 | D:2      | Reached XP level 3. HP: 3/15 MP: 4/8
  1773 | D:2      | Found an ancient bone altar of Kikubaaqudgha.
  2086 | D:2      | Found a basalt altar of Yredelemnul.
  2095 | D:2      | Became a worshipper of Yredelemnul the Dark
  2325 | D:3      | Noticed a scorpion
  2777 | D:3      | Reached XP level 4. HP: 19/19 MP: 9/11
  2822 | D:4      | Got a pitted platinum ring
  2824 | D:4      | Identified the ring of Throipnao {Fire Stlth+} (You found it on level 4 of the Dungeon)
  2950 | D:4      | Learned a level 3 spell: Spider Form
  3253 | D:4      | Slain by a hound
  3254 | D:4      | Reached XP level 3. HP: -4/15 MP: 8/8
  3309 | D:4      | Noticed Sigmund
  3376 | D:4      | Acquired Yredelemnul's first power
  3380 | D:4      | Reached skill level 4 in Dodging
  3380 | D:4      | Reached XP level 4. HP: 19/19 MP: 5/11
  3386 | D:4      | Reached skill level 1 in Stealth
  3640 | D:4      | Reached XP level 5. HP: 22/22 MP: 12/12
  3726 | D:5      | Entered Level 5 of the Dungeon
  3726 | D:5      | Noticed an ice beast
  3862 | D:5      | Noticed an ogre
  3878 | D:5      | Found a staircase to the Ecumenical Temple.
  3911 | D:5      | Noticed Menkaure
  4071 | D:5      | Reached skill level 5 in Dodging
  4085 | D:5      | Gained mutation: You are covered in thick fur (AC +2). [growing up]
  4085 | D:5      | Gained mutation: You can jump attack at a medium distance. [growing up]
  4085 | D:5      | Reached XP level 6. HP: 26/26 MP: 2/15
  4223 | D:5      | Killed an ogre
  4223 | D:5      | Reached skill level 1 in Invocations
  4376 | D:5      | Noticed an ogre
  4383 | D:5      | Killed an ogre
  4383 | D:5      | Reached skill level 1 in Poison Magic
  4447 | D:5      | Slain by an ice beast

Action                   |  1- 3 |  4- 6 || total
-------------------------+-------+-------++-------
Melee: Unarmed           |   152 |   139 ||   291
 Cast: Beastly Appendage |    21 |     3 ||    24
       Sticks to Snakes  |     9 |       ||     9
       Spider Form       |     1 |    11 ||    12
Invok: Animate Remains   |       |     8 ||     8
 Abil: Jump Attack       |    24 |     9 ||    33
  Use: Scroll            |     1 |     4 ||     5
       Potion            |       |     2 ||     2
 Stab: Sleeping          |     2 |     1 ||     3
  Eat: Chunk             |     8 |     3 ||    11
